 Dungeon Crawl Stone Soup version 0.29.1-2-gbd0b4ee654 (webtiles) character file.

Game seed: 16874681976309819426

210 Earthwalker the Covered (level 5, -32/47 HPs)
             Began as a Minotaur Fighter on Oct 27, 2022.
             Annihilated by an ogre
             ... wielding a +0 giant club
              (36 damage)
             ... on level 4 of the Dungeon.
             The game lasted 00:03:35 (3039 turns).

Earthwalker the Covered (Minotaur Fighter)          Turns: 3039, Time: 00:03:35

Health: -32/47     AC:  7    Str: 22    XL:     5   Next: 56%
Magic:  4/4        EV:  9    Int:  5    God:
Gold:   225        SH:  5    Dex: 10    Spells: 4/4 levels left

rFire   . . .      SeeInvis .   a - +0 war axe
rCold   . . .      Faith    .   c - +0 buckler
rNeg    . . .      Spirit   .   b - +0 scale mail
rPois   +          Reflect  .   (helmet restricted)
rElec   .          Harm     .   (no cloak)
rCorr   .          Rampage  .   (no gloves)
Will    .....                   (no boots)
Stlth   ..........              (no amulet)
HPRegen 0.15/turn               m - ring of poison resistance
MPRegen 0.09/turn               (no ring)

@: no status effects
A: horns 2, retaliatory headbutt
a: no special abilities


You were on level 4 of the Dungeon.
You visited 1 branch of the dungeon, and saw 4 of its levels.

You collected 225 gold pieces.

Inventory:

Hand Weapons
 a - a +0 war axe (weapon)
Missiles
 s - a throwing net (quivered)
Armour
 b - a +0 scale mail (worn)
 c - a +0 buckler (worn)
Jewellery
 m - a ring of poison resistance (left hand)
Scrolls
 f - a scroll of immolation {unknown}
 g - a scroll of enchant armour {unknown}
 h - a scroll of fear {unknown}
 i - 4 scrolls of identify {unknown}
 j - 2 scrolls of acquirement {unknown}
 o - 2 scrolls of teleportation {unknown}
 t - 2 scrolls of blinking {unknown}
 v - a scroll of poison {unknown}
Potions
 d - 2 potions of might
 e - a potion of flight {unknown}
 l - a potion of mutation {unknown}
 n - a potion of degeneration {unknown}
 p - 4 potions of curing {unknown}
 q - a potion of invisibility {unknown}
 r - a potion of brilliance {unknown}
 u - a potion of berserk rage {unknown}


   Skills:
 + Level 4.9 Fighting
 + Level 4.0 Axes
 + Level 4.9 Armour
 + Level 4.9 Shields


You had 4 spell levels left.
You didn't know any spells.
Your spell library contained the following spells:

 Spells                   Type           Power      Damage    Failure   Level
 Magic Dart               Conj           0%         1d3       86%         1
 Call Imp                 Summ           0%         N/A       95%         2
 Mephitic Cloud           Conj/Pois/Air  0%         N/A       99%         3


Dungeon Overview and Level Annotations

Branches:
Dungeon (4/15)
 Temple: D:4-7

Altars:

Annotations:
D:2 1 runed translucent door, Crazy Yiuf


Innate Abilities, Weirdness & Mutations

You have a pair of horns on your head.
You reflexively headbutt those who attack you in melee.


Message History

No target in view!
Search for what [? for help]? armor An endoplasm comes into view.
You slash the endoplasm!
You kill the endoplasm!
No target in view!
No target in view!
No target in view!
No target in view!
No target in view!
No target in view!
No target in view!
No target in view!
An ogre comes into view. It is wielding a +0 giant club.
Found a black potion.
The ogre shouts!
You throw a poisoned dart. The poisoned dart hits the ogre.
You throw a poisoned dart. The poisoned dart hits the ogre.
The ogre is poisoned.
You hit the ogre.
The ogre is moderately wounded.
You block the ogre's attack.
You closely miss the ogre.
The ogre is moderately wounded.
The ogre hits you with a +0 giant club!
You barely miss the ogre.
The ogre is moderately wounded.
The ogre looks more healthy.
The ogre hits you with a +0 giant club!
You barely miss the ogre.
The ogre is moderately wounded.
The ogre closely misses you. You furiously retaliate!
You headbutt the ogre! You slash the ogre!
The ogre is almost dead.
The ogre hits you with a +0 giant club!
* * * LOW HITPOINT WARNING * * *
You barely miss the ogre.
The ogre is almost dead.
The ogre hits you with a +0 giant club!!!
Ouch! That really hurt!
You die...

#.....<.##...#
######..##...#
#..#######
###.## ###...#
##...###
#..### #.##
#@# #O..#
......#
.........#
.((........#
...........#
..........##
#...##...##


You could see an ogre.

Vanquished Creatures
  An iguana (D:3)
  Robin (D:3)
  4 adders (D:2)
  4 gnolls
  4 worms (D:2)
  4 dart slugs
  8 bats
  4 endoplasms
  4 giant cockroaches
  11 goblins
  8 hobgoblins
  2 jackals (D:2)
  5 quokkas
  7 ball pythons
  A frilled lizard (D:2)
  3 kobolds
  7 rats
78 creatures vanquished.

Notes
Turn   | Place    | Note
-------+----------+-------------------------------------------
     0 | D:1      | Earthwalker the Minotaur Fighter began the quest for the
                  | Orb.
     0 | D:1      | Reached XP level 1. HP: 19/19 MP: 0/0
   131 | D:1      | Reached XP level 2. HP: 24/27 MP: 1/1
   399 | D:1      | Reached XP level 3. HP: 33/33 MP: 2/2
   799 | D:1      | Found a faded altar of an unknown god.
  1252 | D:2      | Reached XP level 4. HP: 41/41 MP: 3/3
  1642 | D:2      | Found a runed translucent door.
  1643 | D:2      | Noticed Crazy Yiuf
  2227 | D:3      | Reached XP level 5. HP: 20/47 MP: 4/4
  2864 | D:4      | Noticed Robin
  2905 | D:3      | Killed Robin
  3028 | D:4      | Noticed an ogre
  3039 | D:4      | Annihilated by an ogre

Illustrated notes

Levels and vault maps discovered:
D:1:      minmay_arrival_five_plusses, layout_basic,
          ebering_ecumenical_altar_hall
D:2:      layout_loops_ring, uniq_crazy_yiuf_cottage
D:3:      layout_loops_ring
D:4:      layout_rooms, minmay_temple_entry_glass,
          hellmonk_ghost_happy_afterlife, uniq_duvessa, uniq_edmund, uniq_robin

Skill      XL: |  1  2  3  4  5 |
---------------+----------------+-----
Armour         | 4 |  4.9
Shields        | 4 |  4.9
Fighting       | 4 |  4.9
Axes           | 3 4 |  4.0

Action                   |  1- 3 |  4- 6 || total
-------------------------+-------+-------++-------
Melee: War axe           |    94 |    83 ||   177
       Headbutt          |     8 |     7 ||    15
Throw: Dart              |       |     2 ||     2
Armor: Scale mail        |    59 |    46 ||   105
Dodge: Dodged            |    42 |    47 ||    89
Block: Buckler           |    27 |    25 ||    52
